 Dungeon Crawl Stone Soup version 0.26-a0-653-g6669bab (webtiles) character file.

Game seed: 5431264634545506057

109 Lachlan the Skirmisher (level 4, 0/40 HPs)
             Began as a Draconian Berserker on Oct 4, 2020.
             Was a Believer of Trog.
             Killed from afar by Ijyb (17 damage)
             ... with a bolt of acid
             ... on level 3 of the Dungeon.
             The game lasted 00:15:11 (2783 turns).

Lachlan the Skirmisher (Draconian Berserker)        Turns: 2783, Time: 00:15:12

Health: 0/40       AC:  5    Str: 20    XL:     4   Next: 59%
Magic:  4/4        EV: 13    Int:  7    God:    Trog [**....]
Gold:   146        SH:  0    Dex: 11    Spells: 3/3 levels left

rFire    . . .     SeeInvis .   k - +0 hand axe (curse)
rCold    . . .     Faith    .   (no shield)
rNeg     . . .     Spirit   .   (armour unavailable)
rPois    +         Reflect  .   (helmet restricted)
rElec    .         Harm     .   (no cloak)
rCorr    .         Rampage  .   (no gloves)
MR       .....                  (no boots)
Stlth    +.........             (no amulet)
HPRegen  0.13/turn              g - ring of poison resistance
MPRegen  0.09/turn              (no ring)

@: no status effects
A: unfitting armour, cold-blooded, AC +5
a: Berserk, Trog's Hand, Renounce Religion


You were on level 3 of the Dungeon.
You worshipped Trog.
Trog was pleased with you.
You visited 1 branch of the dungeon, and saw 3 of its levels.

You collected 146 gold pieces.

Inventory:

Hand Weapons
 a - a +0 falchion
 f - a +0 whip
 i - a +0 whip
 k - a cursed +0 hand axe (weapon)
 l - a +0 whip
 p - a +0 hunting sling
 u - a cursed -2 dagger
Missiles
 h - a poisoned dart (quivered)
 q - 22 sling bullets
 s - 30 arrows
Armour
 j - a +0 plate armour
 o - a +0 animal skin
 r - a +0 leather armour
 t - a +0 helmet
Jewellery
 e - an uncursed ring of magical power {unknown}
 g - a ring of poison resistance (left hand)
Potions
 b - 2 potions of heal wounds {unknown}
 c - 2 potions of flight {unknown}
 d - 3 potions of curing {unknown}
 m - a potion of magic {unknown}
 n - a potion of ambrosia {unknown}


   Skills:
 + Level 4.0 Fighting
 * Level 3.7 Long Blades
 + Level 1.6 Axes
 + Level 0.5 Throwing
 + Level 3.4 Dodging


You had 3 spell levels left.
You didn't know any spells.
Your spell library was empty.

Dungeon Overview and Level Annotations

Branches:
Dungeon (3/15)

Altars:
Qazlal
Yredelemnul

Annotations:
D:3 Ijyb


Innate Abilities, Weirdness & Mutations

Your plain brown scales are hard. (AC +5)
You cannot fit into any form of body armour.
You are cold-blooded and may be slowed by cold attacks.


Message History

You start resting.
HP restored.
You climb downwards.
Level annotation: Ijyb
There is a stone staircase leading up here.
Ijyb screams, "Get away!"
You see here a stone.
You see here a poisoned dart.
h - 2 poisoned darts (gained 1) Ijyb zaps a wand.
The bolt of acid hits you!
You are splashed with acid!
Things that are here:
a cursed -2 dagger; a goblin skeleton
u - a cursed -2 dagger Throwing (i - inventory)
h - 2 poisoned darts (quivered)
Press: ? - help, Shift-Dir - straight line, f - Ijyb
Aim: Ijyb, wielding a +0 club, wearing a +0 leather armour and carrying a wand of acid (4) (black smoke)
You throw a poisoned dart. The poisoned dart hits Ijyb.
Ijyb is poisoned.
Ijyb screams, "Die!"
Ijyb zaps a wand.
The bolt of acid hits you!
You die...

##### .#
#...####(##
#.###..≈..(....
.........!.≈...
####....≈≈≈≈.
#.<((..≈##≈##
#(....≈.#§§≈≈
#((..÷@.§≈§_≈
#..((...#≈g>≈
#.....≈≈#≈≈≈§
#.....≈≈§≈''≈
##....≈≈§§...
#.#(.((.§..$.
#.#?.........
#.#..########
#.#.##


You could see Ijyb (poisoned).

Vanquished Creatures
  Robin (D:2)
  2 adders (D:2)
  5 worms (D:2)
  A leopard gecko (D:2)
  6 bats
  5 giant cockroaches
  13 goblins
  8 hobgoblins
  4 jackals (D:2)
  2 quokkas (D:2)
  2 ball pythons
  5 frilled lizards
  3 kobolds
  5 rats (D:1)
  A spectral orc (D:2)
63 creatures vanquished.

Notes
Turn   | Place    | Note
-------+----------+-------------------------------------------
     0 | D:1      | Lachlan the Draconian Berserker began the quest for the
                  | Orb.
     0 | D:1      | Reached XP level 1. HP: 19/19 MP: 1/1
   170 | D:1      | Reached XP level 2. HP: 26/26 MP: 2/2
  1041 | D:2      | Reached XP level 3. HP: 33/33 MP: 3/3
  1336 | D:2      | Reached ** piety under Trog
  1360 | D:2      | Reached skill level 1 in Axes
  1530 | D:2      | Reached skill level 4 in Fighting
  1673 | D:2      | Reached XP level 4. HP: 40/40 MP: 4/4
  2428 | D:2      | Found a basalt altar of Yredelemnul.
  2474 | D:3      | Noticed Ijyb
  2476 | D:3      | Found a stormy altar of Qazlal.
  2481 | D:3      | Noticed Robin
  2567 | D:2      | Killed Robin
  2783 | D:3      | Killed from afar by Ijyb

Illustrated notes

Levels and vault maps discovered:
D:1:      scummos_arrival_simple_fountains, layout_rooms
D:2:      layout_basic, yredelemnul_forgotten_temple_becter
D:3:      layout_basic, gammafunk_temple_overflow_forgotten,
          nicolae_qazlal_general_emergency, uniq_natasha, uniq_ijyb, uniq_robin,
          uniq_sigmund

Skill      XL: |  1  2  3 |
---------------+----------+-----
Dodging        | 3 |  3.4
Axes           | 1 |  1.6
Fighting       | 4 |  4.0
Long Blades    | |  3.7
Throwing       | |  0.5

Action                   |  1- 3 |  4- 6 || total
-------------------------+-------+-------++-------
Melee: Falchion          |    49 |       ||    49
       Tailslap          |    20 |     7 ||    27
       Hand axe          |   101 |    67 ||   168
Throw: Dart              |    18 |    23 ||    41
Invok: Berserk           |     1 |       ||     1
  Use: Scroll            |     2 |     3 ||     5
Armor: Skin              |    47 |    21 ||    68
Dodge: Dodged            |   113 |    55 ||   168
       Rpst.: Falchion   |    12 |       ||    12

Table legend: (Time is in decaauts)
 A = Elapsed time spent in this place.
 B = Non-inter-level travel time spent in this place.
 C = Inter-level travel time spent in this place.
 D = Time resting spent in this place.
 E = Time spent auto-exploring this place.
 F = Levels seen in this place.
 G = Mean time per level.
                   A        B        C        D        E       F      G
               +--------+--------+--------+--------+--------+-----+--------+
         Total |   2849 |   2788 |     61 |    154 |   1621 |   3 |  949.7 |
       Dungeon |   2849 |   2788 |     61 |    154 |   1621 |   3 |  949.7 |
               +--------+--------+--------+--------+--------+-----+--------+

Top non-repeatable levels by time:
     D:2: 2115 daAuts
     D:1: 641 daAuts
     D:3: 92 daAuts
